 Dungeon Crawl Stone Soup version 0.24-a0-521-g122614bf49 (webtiles) character file.

Game seed: 13999879487687077426

2143 Mithandil the Thaumaturge (level 9, -15/45 HPs)
             Began as a Deep Elf Conjurer on July 29, 2019.
             Was an Initiate of Vehumet.
             Demolished by an orc warrior
             ... wielding a +0 hand axe
              (16 damage)
             ... in a bailey on July 30, 2019.
             The game lasted 00:44:01 (9008 turns).

Mithandil the Thaumaturge (Deep Elf Conjurer)       Turns: 9008, Time: 00:44:03

Health: -15/45     AC:  5    Str:  8    XL:     9   Next: 9%
Magic:  17/23      EV: 14    Int: 21    God:    Vehumet [......]
Gold:   304        SH:  4    Dex: 15    Spells: 10/24 levels left

rFire    + . .     SeeInvis .   b - +1 dagger (venom)
rCold    . . .     Gourm    .   (no shield)
rNeg     . . .     Faith    .   k - +0 leather armour
rPois    .         Spirit   .   D - +0 helmet
rElec    .         Reflect  +   (no cloak)
rCorr    .         Harm     .   (no gloves)
MR       .....                  s - +0 pair of boots {run}
Stlth    +++.......             x - +4 amulet of reflection
HPRegen  0.15/turn              u - ring of protection from fire
MPRegen  0.18/turn              (no ring)

@: quick
A: no striking features
a: Renounce Religion


You were in a bailey.
You worshipped Vehumet.
Vehumet was noncommittal.
You were not hungry.

You visited 2 branches of the dungeon, and saw 10 of its levels.
You also visited: Bailey.

You collected 304 gold pieces.

Inventory:

Hand Weapons
 a - a +2 dagger of protection
 b - a +1 dagger of venom (weapon)
 q - a +1 short sword of speed
 y - a +1 flail of protection
 C - a +0 shortbow
 E - a +0 quarterstaff
Missiles
 n - 96 arrows
 G - 2 boomerangs (quivered)
 I - 11 poisoned darts
Armour
 k - a +0 leather armour (worn)
 s - a +0 pair of boots of running (worn)
 D - a +0 helmet (worn)
Magical Staves
 A - an uncursed staff of earth
Jewellery
 u - a ring of protection from fire (left hand)
 x - a +4 amulet of reflection (around neck)
Wands
 o - a wand of enslavement (2)
 z - a wand of random effects (16)
 F - a wand of acid (4)
 J - a wand of clouds (5)
Scrolls
 d - 6 scrolls of remove curse
 f - 4 scrolls of teleportation
 g - a scroll of magic mapping
 i - 3 scrolls of identify
 m - 3 scrolls of amnesia
 H - a scroll of enchant armour {unknown}
Potions
 e - a potion of brilliance {unknown}
 h - a potion of ambrosia {unknown}
 j - a potion of berserk rage {unknown}
 l - 2 potions of agility {unknown}
 p - a potion of curing
 r - a potion of flight {unknown}
 t - a potion of resistance {unknown}
 v - 2 potions of heal wounds
 w - a potion of mutation {unknown}
Comestibles
 c - 10 rations
 B - 5 chunks of flesh


   Skills:
 * Level 2.9 Short Blades
 + Level 5.6 Dodging
 + Level 5.9 Stealth
 * Level 8.4 Spellcasting
 * Level 7.9 Conjurations
 + Level 4.0 Hexes
 + Level 3.8 Translocations


You had 10 spell levels left.
You knew the following spells:

 Your Spells              Type           Power        Failure   Level  Hunger
a - Magic Dart            Conj           ####         1%          1    None
b - Searing Ray           Conj           #####.       1%          2    None
c - Force Lance           Conj/Tloc      ####....     10%         4    ###....
d - Iskenderun's Mystic   Conj           #####...     4%          4    ###....
s - Dazzling Spray        Conj/Hex       ####..       2%          3    None

Your spell library contained the following spells:

 Spells                   Type           Power        Failure   Level  Hunger
 Fulminant Prism          Conj/Hex       ####......   10%         4    ###....


Dungeon Overview and Level Annotations

Branches:
Dungeon (9/15)             Temple (1/1) D:4
   Lair: D:8-11         Orc: D:9-12

Altars:
Ashenzari
Cheibriados
Dithmenos
Elyvilon
Gozag
Hepliaklqana
Kikubaaqudgha
Makhleb
Nemelex Xobeh
Okawaru
Qazlal
Ru
Sif Muna
Trog
Uskayaw
Vehumet
Wu Jian
Xom
Yredelemnul
Zin
The Shining One

Annotations:
D:5 Grinder
D:7 Joseph


Message History

The orc warrior is heavily wounded.
You block the orc warrior's attack. The orc warrior closely misses you.
You hit the orc warrior.
The orc warrior is severely wounded.
The orc warrior misses you.
The orc warrior hits you with a +0 broad axe.
The orc warrior barely misses you.
You hit the orc warrior but do no damage.
The orc warrior is poisoned.
The orc warrior is severely wounded.
The orc warrior closely misses you.
The orc warrior hits you with a +0 broad axe!!
* * * LOW HITPOINT WARNING * * *
You hit the orc warrior.
The orc warrior is poisoned.
The orc warrior is lightly wounded.
The orc warrior is no longer blind.
The orc warrior hits you with a +0 war axe.
* * * LOW HITPOINT WARNING * * *
The orc warrior hits you with a +0 hand axe!
You die...

#.......#
########.......########
≈≈≈≈≈≈≈.........≈≈≈≈≈≈≈
≈≈≈≈≈≈≈≈≈≈...≈≈≈≈≈≈≈≈≈≈
≈≈≈≈≈≈≈≈≈≈...≈≈≈≈≈≈≈≈≈≈
≈≈≈≈≈≈≈≈≈≈...≈≈≈≈≈≈≈≈≈≈
≈≈≈≈≈≈≈≈≈≈...≈≈≈≈≈≈≈≈≈≈
######≈≈≈≈...≈≈≈≈######
#...o@......#
#####oo'##### .g...+
+...).+ #..⌠..# #.....#
#.....# #######


You could see 3 orc warriors and a goblin.

Vanquished Creatures
  A wraith (D:5)
  Menkaure (D:7)
  2 sky beasts
  3 ogres
  2 black bears (D:7)
  A phantom (D:5)
  A centaur (D:5)
  A bullfrog (D:6)
  A wyvern skeleton (D:7)
  2 scorpions
  An electric eel (Bailey)
  A howler monkey (D:7)
  3 crimson imps
  A jelly (D:4)
  A bullfrog skeleton (D:4)
  A gnoll shaman (D:7)
  2 hounds
  2 orc wizards (D:6)
  2 iguanas
  2 worker ants
  A killer bee zombie (D:6)
  17 gnolls
  10 adders
  A shadow imp (D:7)
  An ooze (D:2)
  An adder skeleton (D:5)
  A worm (D:2)
  A dart slug (D:2)
  6 leopard geckos
  5 orcs
  4 giant cockroaches
  9 goblins
  6 hobgoblins
  11 jackals
  4 kobolds
  5 quokkas
  A ball python (D:2)
  12 bats
  3 frilled lizards
  11 rats
141 creatures vanquished.

Vanquished Creatures (others)
  A worker ant (D:4)
1 creature vanquished.

Grand Total: 142 creatures vanquished

Notes
Turn   | Place    | Note
-------+----------+-------------------------------------------
     0 | D:1      | Mithandil the Deep Elf Conjurer began the quest for the
                  | Orb.
     0 | D:1      | Reached XP level 1. HP: 10/10 MP: 6/6
   276 | D:1      | Reached XP level 2. HP: 15/15 MP: 6/8
   799 | D:1      | Reached XP level 3. HP: 19/19 MP: 2/10
   806 | D:1      | Learned a level 2 spell: Searing Ray
  1246 | D:2      | Reached skill level 4 in Spellcasting
  1540 | D:2      | Reached skill level 5 in Conjurations
  1540 | D:2      | Reached XP level 4. HP: 15/24 MP: 6/12
  1546 | D:2      | Learned a level 4 spell: Force Lance
  1551 | D:2      | Learned a level 4 spell: Iskenderun's Mystic Blast
  1872 | D:2      | Found a faded altar of an unknown god.
  2225 | D:3      | Found a shadowy altar of Dithmenos.
  2255 | D:3      | Identified a +0 pair of boots of running (You found it on
                  | level 3 of the Dungeon)
  2305 | D:3      | Reached XP level 5. HP: 28/28 MP: 5/14
  3416 | D:4      | Reached skill level 5 in Spellcasting
  3551 | D:4      | Learned a level 3 spell: Dazzling Spray
  3583 | D:4      | Reached skill level 1 in Translocations
  3688 | D:4      | Noticed an ogre
  3704 | D:4      | Killed an ogre
  3704 | D:4      | Reached XP level 6. HP: 13/32 MP: 5/16
  4131 | D:5      | Entered Level 5 of the Dungeon
  4274 | D:4      | Found a staircase to the Ecumenical Temple.
  4283 | Temple   | Entered the Ecumenical Temple
  4907 | D:5      | Noticed Grinder
  4926 | D:5      | Noticed a sky beast
  4930 | D:5      | Reached skill level 6 in Spellcasting
  4951 | D:5      | Killed a sky beast
  4951 | D:5      | Reached skill level 1 in Hexes
  4951 | D:5      | Reached XP level 7. HP: 10/36 MP: 3/18
  5264 | D:6      | Found an opulent altar of Gozag.
  5689 | D:5      | Reached skill level 7 in Spellcasting
  5790 | D:5      | Reached skill level 5 in Stealth
  5790 | D:5      | Reached XP level 8. HP: 34/41 MP: 20/20
  6287 | D:5      | Found a sparkling altar of Nemelex Xobeh.
  6364 | D:5      | Reached skill level 5 in Dodging
  6638 | D:5      | Reached skill level 1 in Short Blades
  7065 | D:7      | Found a glowing golden altar of the Shining One.
  7517 | D:6      | Found an ornate altar of the Wu Jian Council.
  7520 | D:6      | Found a shattered altar of Ashenzari.
  7531 | D:6      | Found a glowing silver altar of Zin.
  7534 | D:6      | Found a radiant altar of Vehumet.
  7538 | D:6      | Became a worshipper of Vehumet
  7919 | D:7      | Noticed Menkaure
  7925 | D:7      | HP: 2/41 [wyvern skeleton (11)]
  7930 | D:7      | Killed Menkaure
  7930 | D:7      | Reached skill level 8 in Spellcasting
  8474 | D:7      | Found a hazy altar of Hepliaklqana.
  8513 | D:7      | Found a bloodstained altar of Trog.
  8517 | D:7      | Reached XP level 9. HP: 45/45 MP: 18/23
  8682 | D:7      | Noticed Joseph
  8827 | D:9      | Found a flagged portal.
  8869 | Bailey   | Entered a bailey
  9008 | Bailey   | HP: 1/45 [orc warrior/+0 war axe (4)]
  9008 | Bailey   | Demolished by an orc warrior

Levels and vault maps discovered:
D:1:      kilobyte_arrival_exit_the_forest, layout_rooms
D:2:      layout_basic, chequers_ecumenical_altar_island, first_ration
D:3:      layout_basic, nicolae_dithmenos_through_a_glass_darkly
D:4:      layout_basic, minmay_temple_entry_poolview
D:5:      layout_basic, serial_glass, glass_columns_a, glass_columns_b,
          basic_altar, uniq_grinder
D:6:      layout_basic, grunt_temple_overflow_cloverleaf,
          nicolae_gozag_seed_capital
D:7:      layout_loops_ring, kennysheep_mini_moat, kennysheep_little_box,
          trog_ov_bears_minmay, lemuel_crystal_altar, uniq_menkaure, uniq_joseph
D:8:      layout_basic
D:9:      minmay_sliced_demisemicircle, layout_cave_pods, enter_bailey_7,
          blue_anna_alchemist [blue_anna_fruit_fields, blue_anna_fruit_fields],
          uniq_prince_ribbit1
Temple:   nicolae_temple_hex_pool
Bailey:   bailey_axe_of_yendor_kennysheep, bailey

Skill      XL: |  1  2  3  4  5  6  7  8  9 |
---------------+----------------------------+-----
Dodging        | 3 4 5 |  5.6
Stealth        | 3 4 5 |  5.9
Spellcasting   | 4 5 6 7 8 |  8.4
Conjurations   | 5 6 7 |  7.9
Translocations | 1 2 3 |  3.8
Hexes          | 1 2 3 4 |  4.0
Short Blades   | 2 |  2.9

Action                   |  1- 3 |  4- 6 |  7- 9 || total
-------------------------+-------+-------+-------++-------
Melee: Short sword       |     2 |       |       ||     2
       Dagger            |    51 |    21 |    84 ||   156
 Cast: Magic Dart        |    66 |    82 |    83 ||   231
       Searing Ray       |     1 |    15 |    27 ||    43
       Iskenderun's Myst |       |     2 |     5 ||     7
       Dazzling Spray    |       |       |     3 ||     3
Evoke: Wand              |       |     2 |     3 ||     5
  Use: Scroll            |     5 |     8 |     5 ||    18
       Potion            |       |     1 |     1 ||     2
 Stab: Sleeping          |       |     1 |     3 ||     4
  Eat: Chunk             |     2 |     9 |     7 ||    18
       Ration            |       |       |     2 ||     2
Armor: Robe              |     3 |       |       ||     3
       Leather armour    |    44 |    16 |    20 ||    80
Dodge: Dodged            |    69 |    27 |    61 ||   157
Block: Other             |       |     2 |    17 ||    19

Table legend:
 A = Non-vault XP
 B = Vault XP
 C = Vault XP percentage of total XP
 D = Non-vault monster count
 E = Vault monster count
 F = Vault count percentage of total count
                 A         B        C        D         E       F
            +---------+---------+-------+---------+---------+-------
      Total |    2554 |     508 |  16.6 |     133 |       9 |   6.3
            +---------+---------+-------+---------+---------+-------
        D:1 |      41 |       0 |   0.0 |      25 |       0 |   0.0
        D:2 |     136 |       0 |   0.0 |      25 |       0 |   0.0
        D:3 |      66 |       0 |   0.0 |      19 |       0 |   0.0
        D:4 |     424 |       0 |   0.0 |      19 |       0 |   0.0
        D:5 |     987 |       0 |   0.0 |      21 |       0 |   0.0
        D:6 |     410 |       0 |   0.0 |      10 |       0 |   0.0
        D:7 |     490 |     418 |  46.0 |      14 |       3 |  17.6
        D:9 |       0 |      33 | 100.0 |       0 |       4 | 100.0
     Bailey |       0 |      57 | 100.0 |       0 |       2 | 100.0
            +---------+---------+-------+---------+---------+-------
